[Event "Titled Tuesday Blitz February 21 Late 2023"]
[White "Sjugirov, Sanan"]
[Black "Kobo, Ori"]
[WhiteFideId "4189302"]
[BlackFideId "2812320"]
[WhiteElo "2712"]
[BlackElo "2559"]
[Result "0-1"]
[Round "09"]
[TimeControl "180+2"]
[Date "2023.02.21"]
[WhiteClock "0:00:13"]
[BlackClock "0:00:11"]

1. d4 Nf6 2. c4 g6 3. Nc3 Bg7 4. e4 d6 5. Nf3 Bg4 6. Be2 Bxf3 7. Bxf3 e5 8. d5 h5 9. h4 a5 10. b3 Nbd7 11. a3 Bh6 12. Bxh6 Rxh6 13. Rb1 Kf8 14. O-O Kg7 15. b4 axb4 16. axb4 Rh8 17. Qd2 Qe7 18. Ra1 c5 19. dxc6 bxc6 20. Rfd1 Rxa1 21. Rxa1 Qe6 22. Be2 Rb8 23. b5 cxb5 24. cxb5 Nc5 25. Qe3 Qb3 26. Rb1 Qa3 27. Bf3 Rb6 28. g3 Qa5 29. Kg2 Ne6 30. Qc1 Nd4 31. Qb2 Qa7 32. Bd1 Qb7 33. f3 d5 34. Na4 Rxb5 0-1


[Site "https://www.chess.com"]

[Event "Titled Tuesday Blitz February 21 Late 2023"]
[White "Rasulov, Vugar"]
[Black "Samsonkin, Artiom"]
[WhiteFideId "13402390"]
[BlackFideId "13503111"]
[WhiteElo "2523"]
[BlackElo "2420"]
[Result "1/2-1/2"]
[Round "09"]
[TimeControl "180+2"]
[Date "2023.02.21"]
[WhiteClock "0:00:12"]
[BlackClock "0:00:12"]

1. d4 Nf6 2. c4 e6 3. Nc3 Bb4 4. Nf3 b6 5. Bg5 h6 6. Bh4 g5 7. Bg3 Ne4 8. Qc2 Bb7 9. e3 Bxc3+ 10. bxc3 d6 11. Bd3 f5 12. d5 exd5 13. cxd5 Bxd5 14. c4 Bb7 15. Nd4 Qf6 16. O-O Nd7 17. f3 Nxg3 18. hxg3 O-O-O 19. Bxf5 Kb8 20. Be4 Nc5 21. Bxb7 Kxb7 22. g4 Rde8 23. Qf5 Qe5 24. Qxe5 Rxe5 25. e4 h5 26. gxh5 Rxh5 27. Kf2 Nd3+ 28. Kg3 Rc5 29. Rh1 Rxh1 30. Rxh1 Rxc4 31. Ne6 g4 32. Rh7 gxf3 33. gxf3 Ne5 34. f4 Rc3+ 35. Kh4 Ng6+ 36. Kg5 Nxf4 37. Kxf4 a5 38. a4 b5 39. axb5 Kb6 40. Nd4 Rd3 41. Ne6 Rc3 42. Rh8 Kxb5 43. Rb8+ Kc6 44. Nd4+ Kd7 45. Ra8 Rc4 46. Ke3 a4 47. Kd3 Rb4 48. Kc3 c5 49. Ra7+ Kc8 50. Nf5 Kb8 51. Re7 a3 52. Re8+ Kb7 53. Nxd6+ Kc6 54. Nc4 Ra4 55. Rc8+ Kb7 56. Nd6+ Kb6 57. Nc4+ Kb7 58. Nd6+ Kb6 59. Rb8+ Kc7 60. Rb1 Kxd6 61. Ra1 a2 62. Kb3 Ra5 63. Rxa2 c4+ 64. Kb2 Rxa2+ 65. Kxa2 Ke5 66. Kb2 Kxe4 67. Kc3 Kd5 68. Kc2 Kd4 69. Kd2 Kc5 70. Kc3 Kb5 71. Kc2 Kb4 72. Kb2 Kc5 73. Kc3 Kd5 74. Kc2 Kd4 75. Kd2 c3+ 76. Kc2 Kc4 77. Kc1 Kb4 78. Kc2 Kc4 79. Kc1 Kd3 80. Kd1 Kd4 81. Kc2 Kc4 1/2-1/2


[Site "https://www.chess.com"]

[Event "Titled Tuesday Blitz February 21 Late 2023"]
[White "Ibarra Jerez, Jose Carlos"]
[Black "Pichot, Alan"]
[WhiteFideId "2226332"]
[BlackFideId "110973"]
[WhiteElo "2563"]
[BlackElo "2638"]
[Result "0-1"]
[Round "09"]
[TimeControl "180+2"]
[Date "2023.02.21"]
[WhiteClock "0:00:01"]
[BlackClock "0:00:03"]

1. e4 c5 2. Ne2 Nc6 3. Nbc3 e6 4. d4 cxd4 5. Nxd4 Qc7 6. g4 a6 7. Be3 h6 8. f3 Nf6 9. Qd2 b5 10. O-O-O Bb7 11. Kb1 Ne5 12. Bd3 Rc8 13. h4 Nxd3 14. cxd3 Bc5 15. Nb3 Be7 16. Rc1 Qb8 17. g5 Nh5 18. f4 g6 19. Rhg1 hxg5 20. hxg5 Ba8 21. Bd4 O-O 22. Rh1 f6 23. Rxh5 gxh5 24. gxf6 Bxf6 25. Qg2+ Kf7 26. Bxf6 Kxf6 27. Qg5+ Kf7 28. Rg1 Ke8 29. f5 Qe5 30. Qxh5+ Kd8 31. Qh4+ Kc7 32. d4 Qf6 33. Qg3+ d6 34. Nc5 exf5 35. Nxa6+ Kb6 36. Nb4 Qxd4 37. Rd1 Bxe4+ 38. Ka1 Qxb4 39. Rxd6+ Kb7 40. Rd7+ Ka8 41. Qg7 Qc5 42. a4 Bc6 43. Re7 Rg8 44. Qf7 Rg1+ 45. Ka2 Qc4+ 46. Qxc4 bxc4 47. Rf7 Re8 48. Rf6 Kb7 49. Rf7+ Kb6 50. Rxf5 Ree1 51. a5+ Ka6 52. Ka3 Rg2 53. Kb4 Rxb2+ 54. Kc5 Bb7 55. Rf6+ Kxa5 56. Rf7 Re5+ 57. Kd4 Rh5 58. Rf1 Bc6 59. Ra1+ Kb6 60. Rc1 Rd2+ 0-1


[Site "https://www.chess.com"]

[Event "Titled Tuesday Blitz February 21 Late 2023"]
[White "Kamsky, Gata"]
[Black "Yuan, Qingyu"]
[WhiteFideId "2000024"]
[BlackFideId "8609772"]
[WhiteElo "2665"]
[BlackElo "2373"]
[Result "1-0"]
[Round "09"]
[TimeControl "180+2"]
[Date "2023.02.21"]
[WhiteClock "0:00:49"]
[BlackClock "0:00:02"]

1. d4 d5 2. Bf4 Nf6 3. e3 c5 4. c3 Nc6 5. Nd2 cxd4 6. exd4 Bf5 7. Ngf3 e6 8. Bb5 Bd6 9. Bxd6 Qxd6 10. O-O O-O 11. Re1 Qc7 12. Ne5 Nxe5 13. dxe5 Nd7 14. Bxd7 Qxd7 15. Nb3 Rac8 16. Nd4 Be4 17. Qg4 Qc7 18. f3 Bg6 19. h4 h6 20. h5 Bh7 21. Re2 Qb6 22. Kh2 Rc4 23. Qf4 Qa6 24. Rd2 Qa5 25. a3 Qc7 26. Re1 a6 27. g4 Qe7 28. Kh3 b5 29. Rg2 f6 30. exf6 Rxf6 31. Qe5 Rxd4 32. cxd4 Rxf3+ 33. Rg3 Rxg3+ 34. Kxg3 Be4 35. Rc1 Qf8 36. Qf4 Qd8 37. Rc6 e5 38. Qxe5 Qf8 39. Qf4 Qe8 40. Rc7 Qe6 41. Qe5 Qxe5+ 42. dxe5 Kf8 43. Kf4 Bg2 44. Rd7 Ke8 45. e6 Be4 46. Rxg7 1-0


[Site "https://www.chess.com"]

[Event "Titled Tuesday Blitz February 21 Late 2023"]
[White "Naroditsky, Daniel"]
[Black "Urazayev, Arystanbek"]
[WhiteFideId "2026961"]
[BlackFideId "13709810"]
[WhiteElo "2618"]
[BlackElo "2460"]
[Result "1-0"]
[Round "09"]
[TimeControl "180+2"]
[Date "2023.02.21"]
[WhiteClock "0:00:03"]
[BlackClock "0:00:01"]

1. e4 c6 2. d4 d5 3. f3 Qb6 4. Nc3 dxe4 5. Nxe4 Nf6 6. Nc3 Bf5 7. Bd3 Bxd3 8. Qxd3 e6 9. Nge2 Nbd7 10. O-O Be7 11. Kh1 O-O 12. Bg5 h6 13. Bh4 Rfe8 14. Bf2 Qa5 15. Ne4 Rad8 16. Qb3 Qa6 17. Nf4 c5 18. Nxc5 Nxc5 19. dxc5 Qc6 20. Qc4 Rd2 21. Be3 Rd7 22. Nd3 Nd5 23. Bd4 Nb6 24. Qb4 a5 25. Qxa5 Rxd4 26. Qxb6 Qd5 27. b4 Rh4 28. Qc7 Bf6 29. Rad1 Qxa2 30. Qxb7 Qxc2 31. c6 Rc4 32. b5 Rd8 33. Nf2 Qxf2 34. c7 Rxd1 35. c8=Q+ Kh7 36. Rxd1 Qc2 37. Qcd7 Rd4 38. Qxd4 Bxd4 39. Qe4+ 1-0


[Site "https://www.chess.com"]

[Event "Titled Tuesday Blitz February 21 Late 2023"]
[White "Grigoriants, Sergey"]
[Black "Martinez Alcantara, Jose Eduardo"]
[WhiteFideId "4130804"]
[BlackFideId "3805662"]
[WhiteElo "2562"]
[BlackElo "2619"]
[Result "0-1"]
[Round "09"]
[TimeControl "180+2"]
[Date "2023.02.21"]
[WhiteClock "0:00:04"]
[BlackClock "0:00:11"]

1. d4 Nf6 2. c4 e6 3. Nc3 Bb4 4. e3 O-O 5. Bd3 b6 6. Ne2 Bb7 7. O-O d5 8. cxd5 exd5 9. Bd2 a6 10. Rc1 Nbd7 11. f3 Re8 12. Ng3 c5 13. a3 Bxc3 14. bxc3 b5 15. Qc2 g6 16. Qb2 Bc6 17. Rce1 Qb6 18. Kh1 Qb7 19. Bc1 Re6 20. Qf2 Rf8 21. e4 cxd4 22. cxd4 Ne8 23. e5 Ng7 24. Ne2 f6 25. Nf4 Ree8 26. exf6 Nxf6 27. Bd2 Rxe1 28. Rxe1 Re8 29. Re5 Nd7 30. Rxe8+ Nxe8 31. Qe3 Nf8 32. Bb4 Qf7 33. h4 Ng7 34. Qe5 Nd7 35. Qc7 Qf6 36. g3 Ne8 37. Qc8 Kf7 38. Nxd5 Qe6 39. Nf4 Bxf3+ 40. Kh2 Qc6 41. Qxc6 Bxc6 42. d5 Bb7 43. h5 g5 44. Nh3 h6 45. Bg6+ Kg7 46. Bxe8 Nf6 47. Bc3 Bxd5 48. Nf2 Bf3 49. g4 a5 50. Kg3 Bd5 51. Bxb5 Kf7 52. Bxf6 Kxf6 53. Bd3 Ke5 54. Bf5 Kd4 55. Nd3 Bc4 56. Nc1 Ke3 57. Bg6 Kd2 58. Na2 Bxa2 59. Kf3 Bd5+ 60. Be4 Bb3 61. Bc6 Bd1+ 62. Kg3 Kc3 63. Bd7 Kb2 64. a4 Ka3 65. Kf2 Bxa4 66. Bf5 Kb2 67. Ke3 Bb3 68. Kd4 a4 0-1


[Site "https://www.chess.com"]

[Event "Titled Tuesday Blitz February 21 Late 2023"]
[White "Quispe Arteaga, Gabriel"]
[Black "Anton Guijarro, David"]
[WhiteFideId "32059809"]
[BlackFideId "2285525"]
[WhiteElo "2381"]
[BlackElo "2690"]
[Result "0-1"]
[Round "09"]
[TimeControl "180+2"]
[Date "2023.02.21"]
[WhiteClock "0:00:03"]
[BlackClock "0:00:09"]

1. d4 Nf6 2. c4 e6 3. Nc3 Bb4 4. Qc2 d6 5. g3 O-O 6. Bg2 e5 7. dxe5 dxe5 8. a3 Bxc3+ 9. Qxc3 Nc6 10. Nf3 e4 11. Nd2 Bf5 12. Nb3 h6 13. Bf4 Qe7 14. O-O Rad8 15. Rfd1 b6 16. Nd4 Nxd4 17. Rxd4 c5 18. Rxd8 Rxd8 19. a4 Qe6 20. a5 Bh3 21. axb6 axb6 22. Be5 Bxg2 23. Bxf6 Qxf6 24. Kxg2 Qe6 25. b3 h5 26. h4 f6 27. Ra7 Rd4 28. Qe3 Kh7 29. Qf4 Rd6 30. Qe3 Qe5 31. Ra2 Kg6 32. Rd2 Rd4 33. Ra2 Kf5 34. Ra6 Rd6 35. Ra7 Kg6 36. Ra6 Re6 37. Ra2 Qd4 38. Rd2 Qxe3 39. fxe3 Kf5 40. Rd5+ Re5 41. Rd7 g6 42. Rd6 Re6 43. Rxe6 Kxe6 44. g4 hxg4 45. Kg3 f5 46. Kf4 Kf6 47. Kg3 g5 48. hxg5+ Kxg5 0-1


[Site "https://www.chess.com"]

[Event "Titled Tuesday Blitz February 21 Late 2023"]
[White "Holt, Conrad"]
[Black "Indjic, Aleksandar"]
[WhiteFideId "2034387"]
[BlackFideId "911925"]
[WhiteElo "2540"]
[BlackElo "2618"]
[Result "0-1"]
[Round "09"]
[TimeControl "180+2"]
[Date "2023.02.21"]
[WhiteClock "0:00:02"]
[BlackClock "0:00:27"]

1. d4 Nf6 2. c4 e6 3. Nc3 d5 4. cxd5 exd5 5. Bg5 Nbd7 6. e3 c6 7. Bd3 Be7 8. Nge2 Nf8 9. Qc2 Ne6 10. Bh4 Nh5 11. Bxe7 Qxe7 12. O-O-O g6 13. Kb1 Nf6 14. h4 h5 15. e4 Nc7 16. e5 Ng4 17. Nf4 Ne6 18. Qd2 Nxf4 19. Qxf4 Nh6 20. Ka1 Bf5 21. Be2 Be6 22. f3 Nf5 23. Na4 b6 24. Rc1 Qb4 25. Bd1 Qxd4 26. Qg5 Kd7 27. Bc2 Qxe5 28. Rhe1 Qd6 29. Nc3 Qe7 30. Bxf5 gxf5 31. Qf4 Qd6 32. Qd2 Rhg8 33. Re2 d4 34. Rd1 c5 35. Nb5 Qd5 36. b3 Rad8 37. Qf4 Qc6 38. Nxa7 Qc7 39. Qxc7+ Kxc7 40. Nb5+ Kc6 41. Na3 f4 42. Kb2 Rde8 43. Rdd2 Bd5 44. Rxe8 Rxe8 45. Nc2 Re5 46. Kc1 Be6 47. Kb2 Bf5 48. Na3 Re1 49. Nc4 b5 50. Na5+ Kd5 0-1


[Site "https://www.chess.com"]

[Event "Titled Tuesday Blitz February 21 Late 2023"]
[White "Swiercz, Dariusz"]
[Black "Golubka, Petro"]
[WhiteFideId "1126881"]
[BlackFideId "14114224"]
[WhiteElo "2637"]
[BlackElo "2371"]
[Result "1-0"]
[Round "09"]
[TimeControl "180+2"]
[Date "2023.02.21"]
[WhiteClock "0:00:37"]
[BlackClock "0:00:25"]

1. d4 d5 2. Nf3 c6 3. c4 Nf6 4. cxd5 Qxd5 5. Nc3 Qd8 6. e4 g6 7. Bc4 Bg7 8. h3 b5 9. Bd3 O-O 10. O-O Na6 11. e5 Nd5 12. Nxd5 Qxd5 13. Qe2 Nb4 14. Be4 Qd8 15. Bd2 Nd5 16. Rac1 Bb7 17. h4 f5 18. Bc2 a5 19. a3 a4 20. Bb1 Qd7 21. Rfe1 e6 22. Ba2 h6 23. Rc5 Nc7 24. Bf4 Kh7 25. Rec1 Rad8 26. Qe1 Rf7 27. Be3 Bf8 28. R5c2 Nd5 29. Bd2 Be7 30. Ba5 Rg8 31. Bb4 Bxb4 32. axb4 Nc7 33. Qe3 Nd5 34. Bxd5 Qxd5 35. Rc5 Qd7 36. Ne1 Rd8 37. Nf3 Rg8 38. d5 cxd5 39. Nd4 f4 40. Qh3 Bc8 41. Qd3 Qe7 42. Rxc8 Rxc8 43. Rxc8 Qxb4 44. h5 Qe1+ 45. Kh2 Rg7 46. Nxe6 Qxe5 47. Nf8+ 1-0


[Site "https://www.chess.com"]

[Event "Titled Tuesday Blitz February 21 Late 2023"]
[White "Nasuta, Grzegorz"]
[Black "Melkumyan, Hrant"]
[WhiteFideId "1141686"]
[BlackFideId "13302485"]
[WhiteElo "2552"]
[BlackElo "2645"]
[Result "0-1"]
[Round "09"]
[TimeControl "180+2"]
[Date "2023.02.21"]
[WhiteClock "0:00:07"]
[BlackClock "0:00:15"]

1. e4 c5 2. Nf3 Nc6 3. Bb5 g6 4. Bxc6 dxc6 5. d3 Qc7 6. h3 e5 7. Be3 Nf6 8. a4 c4 9. Bg5 Nh5 10. dxc4 f6 11. Be3 Be6 12. Qe2 Bb4+ 13. Nbd2 O-O 14. O-O Rfd8 15. Rfd1 Bf7 16. Nf1 Nf4 17. Bxf4 exf4 18. N1d2 Re8 19. c3 Bf8 20. Nb3 c5 21. Nc1 Qc6 22. Re1 Re7 23. Nd3 Bxc4 24. Nde5 Bxe2 25. Nxc6 bxc6 26. Rxe2 Rb8 27. Rb1 Reb7 28. Rc2 Bd6 29. Nd2 Kf7 30. Nc4 Ke6 31. Rd1 Bc7 32. Rcd2 Re8 33. Kf1 Re7 34. Ke2 Rb8 35. Kf3 h5 36. Ke2 g5 37. f3 Rg8 38. Kf2 g4 39. hxg4 hxg4 40. Rh1 Reg7 41. Kf1 gxf3 42. gxf3 Rg3 43. Rf2 Be5 44. Ke2 R3g7 45. Na5 Rb8 46. Nc4 Rgb7 47. Rg2 Rxb2+ 48. Nxb2 Rxb2+ 49. Kf1 Rb1+ 0-1


[Site "https://www.chess.com"]

[Event "Titled Tuesday Blitz February 21 Late 2023"]
[White "EREBUNI91"]
[Black "Livaic, Leon"]
[BlackFideId "14531534"]
[WhiteElo "2753"]
[BlackElo "2579"]
[Result "1-0"]
[Round "09"]
[TimeControl "180+2"]
[Date "2023.02.21"]
[WhiteClock "0:00:52"]
[BlackClock "0:00:07"]

1. e4 d5 2. exd5 Qxd5 3. Nc3 Qd6 4. d4 Nf6 5. Nf3 c6 6. Ne5 g6 7. Bf4 Qb4 8. Nc4 Nd5 9. Bd2 Nb6 10. a3 Qxc4 11. Bxc4 Nxc4 12. Qe2 Nxd2 13. Qxd2 Bg7 14. O-O-O O-O 15. h4 h5 16. d5 Bf5 17. Rhe1 Bf6 18. d6 exd6 19. Qxd6 Bxh4 20. g3 Bg5+ 21. f4 Bh6 22. Re7 b6 23. Ne4 Bg7 24. Nf6+ Bxf6 25. Qxf6 Na6 26. Re5 Bg4 27. Rh1 Nc5 28. Rg5 Ne6 29. Rxg4 Rad8 30. Rxh5 Ng7 31. Rh6 Rfe8 32. b4 Re1+ 33. Kb2 Rdd1 34. Rgh4 Rb1+ 35. Kc3 1-0


[Site "https://www.chess.com"]

[Event "Titled Tuesday Blitz February 21 Late 2023"]
[White "Dourerassou, Jonathan"]
[Black "Kravtsiv, Martyn"]
[WhiteFideId "628050"]
[BlackFideId "14113147"]
[WhiteElo "2414"]
[BlackElo "2598"]
[Result "1-0"]
[Round "09"]
[TimeControl "180+2"]
[Date "2023.02.21"]
[WhiteClock "0:01:07"]
[BlackClock "0:00:17"]

1. d4 Nf6 2. Bg5 d5 3. Bxf6 exf6 4. Nf3 Bd6 5. g3 O-O 6. Bg2 Re8 7. O-O c6 8. e3 Na6 9. Nbd2 Nc7 10. c4 dxc4 11. Nxc4 Bf8 12. Rc1 a5 13. a3 Nd5 14. Re1 Bf5 15. Nfd2 Be6 16. e4 Nb6 17. Nxb6 Qxb6 18. d5 Bd7 19. Nc4 Qa7 20. e5 cxd5 21. Bxd5 Rad8 22. Nd6 Bxd6 23. exd6 Qa6 24. Qh5 Rxe1+ 25. Rxe1 Qxd6 26. Qxf7+ Kh8 27. Re7 1-0


[Site "https://www.chess.com"]

[Event "Titled Tuesday Blitz February 21 Late 2023"]
[White "Rustemov, Alexander"]
[Black "Risteski, Emil"]
[WhiteFideId "4119002"]
[BlackFideId "15005267"]
[WhiteElo "2525"]
[BlackElo "2366"]
[Result "1/2-1/2"]
[Round "09"]
[TimeControl "180+2"]
[Date "2023.02.21"]
[WhiteClock "0:00:21"]
[BlackClock "0:00:09"]

1. d4 d5 2. c4 dxc4 3. Nf3 c5 4. e3 cxd4 5. Bxc4 Qc7 6. Qxd4 Nc6 7. Qd1 Nf6 8. O-O e6 9. a3 Bd6 10. Be2 O-O 11. b4 Rd8 12. Nbd2 Bd7 13. Bb2 Rac8 14. Rc1 Qb8 15. Qb3 Ne5 16. Rfd1 Bc6 17. h3 a6 18. a4 Bd5 19. Qa3 Nxf3+ 20. Nxf3 a5 21. Bxf6 gxf6 22. Qb2 Bxf3 23. Bxf3 Be5 24. Qb3 axb4 25. Qxb4 b6 26. Rxd8+ Rxd8 27. Rb1 Qd6 28. Qxb6 Rb8 29. Qxb8+ Qxb8 30. Rxb8+ Bxb8 31. a5 Kf8 32. a6 Ke7 33. g4 h6 34. Kf1 Kd6 35. Ke2 Ke5 36. Kd3 Ba7 37. Bc6 Kd6 38. Ba4 f5 39. f4 fxg4 40. hxg4 f6 41. Ke4 Bb6 42. Bb3 Ba7 43. Kf3 Bb6 44. Bc4 Ba7 45. Bd3 Bb6 46. Bf1 Ba7 47. Ke4 Bb6 48. Kd3 Ba7 49. e4 e5 50. fxe5+ fxe5 51. Kc4 Bb6 52. Kb5 Ba7 53. Be2 Be3 54. Bc4 Ba7 55. Bd5 Be3 56. Kc4 Ba7 57. Kd3 Bb6 58. Ke2 Ke7 59. Bc6 Ba7 60. Bb7 Bb6 61. Bc8 Ba7 62. Bf5 Bb6 63. Kf3 Kf6 64. Kg3 Be3 65. Kh4 Bb6 66. Kh5 Kg7 67. Be6 Ba7 68. Bd5 Bb6 69. Bc6 Ba7 70. g5 hxg5 71. Kxg5 Kf7 72. Kf5 Bd4 73. Bd7 Ke7 74. Be6 Kd6 75. Bc4 Ba7 76. Kf6 Bd4 77. Kf7 Ba7 78. Ke8 Kc7 79. Ke7 Bd4 80. Ke6 Kb6 81. Kd5 Ka7 82. Bd3 Ba1 1/2-1/2


[Site "https://www.chess.com"]

[Event "Titled Tuesday Blitz February 21 Late 2023"]
[White "Bryakin, Mikhail"]
[Black "Florescu, Codrut-Constantin"]
[WhiteFideId "4165314"]
[BlackFideId "1202200"]
[WhiteElo "2455"]
[BlackElo "2259"]
[Result "1-0"]
[Round "09"]
[TimeControl "180+2"]
[Date "2023.02.21"]
[WhiteClock "0:00:39"]
[BlackClock "0:01:30"]

1. c4 e6 2. Nf3 d5 3. g3 Nf6 4. Bg2 Be7 5. O-O O-O 6. b3 a5 7. Bb2 c6 8. a4 Na6 9. d4 Nb4 10. Nc3 b6 11. Ne5 Ba6 12. e4 Rc8 13. Re1 Nd7 14. exd5 Nxe5 15. Rxe5 cxd5 16. cxd5 Nd3 17. Qd2 Nxe5 18. dxe5 exd5 19. Nxd5 Bc5 20. Qf4 Qd7 21. Nf6+ gxf6 22. exf6 Kh8 23. Qh6 Rg8 24. Be4 Rg6 25. Bxg6 fxg6 26. f7+ Bd4 27. f8=Q+ 1-0


[Site "https://www.chess.com"]

[Event "Titled Tuesday Blitz February 21 Late 2023"]
[White "Sadovsky, Artem"]
[Black "Bikuzhin, Maksim"]
[WhiteFideId "4155840"]
[BlackFideId "24128015"]
[WhiteElo "2276"]
[BlackElo "2279"]
[Result "0-1"]
[Round "09"]
[TimeControl "180+2"]
[Date "2023.02.21"]
[WhiteClock "0:00:45"]
[BlackClock "0:01:34"]

1. Nf3 Nf6 2. e3 d6 3. b3 Nbd7 4. Bb2 e5 5. Be2 e4 6. Nd4 d5 7. O-O c5 8. Nf5 g6 9. Ng3 h5 10. f4 h4 11. Nh1 Bg7 12. Nf2 Nb6 13. a4 Be6 14. a5 Nc8 15. a6 b6 16. d3 Nd6 17. dxe4 Ndxe4 18. Nxe4 dxe4 19. Bb5+ Kf8 20. Nd2 h3 21. g3 Ng4 22. Bxg7+ Kxg7 23. Qe1 f5 24. Nc4 Bxc4 25. Bxc4 Qf6 26. Bd5 Rad8 27. c4 Qb2 28. Rf2 Nxf2 29. Rb1 Nd3 30. Rxb2 Nxe1 31. Rd2 Nf3+ 0-1


[Site "https://www.chess.com"]

[Event "Titled Tuesday Blitz February 21 Late 2023"]
[White "Feng, Eric"]
[Black "Stoyanov, Tsvetan"]
[WhiteFideId "30952590"]
[BlackFideId "2917173"]
[WhiteElo "1951"]
[BlackElo "2454"]
[Result "0-1"]
[Round "09"]
[TimeControl "180+2"]
[Date "2023.02.21"]
[WhiteClock "0:00:36"]
[BlackClock "0:00:17"]

1. d4 d5 2. c4 e6 3. Nf3 Nf6 4. g3 Be7 5. Bg2 O-O 6. O-O dxc4 7. Ne5 Nc6 8. Bxc6 bxc6 9. Nxc6 Qe8 10. Nxe7+ Qxe7 11. Qc2 e5 12. dxe5 Qxe5 13. Nc3 Bh3 14. Rd1 Bf5 15. Qa4 Ne4 16. Qxc4 Nxc3 17. Qxc3 Qxe2 18. Bf4 Rfe8 19. Re1 Qb5 20. b3 Bh3 21. Rad1 h6 22. f3 Re2 23. Qc4 Qb6+ 24. Rd4 Rxe1+ 25. Kf2 Rf1+ 26. Ke2 Re8+ 27. Be3 Qe6 28. Qc3 Qf5 29. Rf4 Qb5+ 30. Rc4 Rh1 31. a4 Rxh2+ 32. Kd3 Qf5+ 33. Kd4 Rd8# 0-1


[Site "https://www.chess.com"]

[Event "Titled Tuesday Blitz February 21 Late 2023"]
[White "Gorshtein, Ido"]
[Black "Poliakova, Varvara"]
[WhiteFideId "2815532"]
[BlackFideId "13518313"]
[WhiteElo "2514"]
[BlackElo "2010"]
[Result "1-0"]
[Round "09"]
[TimeControl "180+2"]
[Date "2023.02.21"]
[WhiteClock "0:00:13"]
[BlackClock "0:00:09"]

1. e4 e5 2. Nf3 Nc6 3. Bc4 Bc5 4. c3 Nf6 5. d3 d6 6. b4 Bb6 7. a4 a5 8. b5 Ne7 9. O-O Ng6 10. Nbd2 O-O 11. Bb3 d5 12. Ba3 Re8 13. c4 dxe4 14. Ng5 Bd4 15. c5 Be6 16. Nxe6 fxe6 17. Nxe4 Nxe4 18. dxe4 Bxa1 19. Qxa1 Qg5 20. g3 Rad8 21. Bc1 Qf6 22. Be3 Rd3 23. Bc4 Rdd8 24. Qc3 Qf3 25. Qc2 c6 26. Be2 Qf8 27. Qc3 Qf6 28. Qxa5 Nf4 29. Bf3 Nd3 30. Bg2 Qe7 31. Qc3 Rd7 32. b6 Red8 33. a5 Ra8 34. Ra1 Qd8 35. Bf1 h6 36. Ra3 Nxc5 37. Bxc5 Rd1 38. Ra1 Rxa1 39. Qxa1 Qd2 40. Be3 Qxa5 41. Qd1 Qa1 42. Qd7 Qb1 43. Qxe6+ Kh8 44. Kg2 Ra1 45. Bc4 Qxe4+ 46. Kh3 Ra8 47. Bxh6 Qh7 48. Kg2 Qxh6 49. Qxe5 Rf8 50. Be2 Kg8 51. Bf3 Qf6 52. Qe4 g6 53. h4 Kg7 54. Qe3 Rf7 55. Qe4 Re7 56. Qg4 Rf7 57. Qe4 Re7 58. Qd3 Qe6 59. Bd1 Qd5+ 60. Qxd5 cxd5 61. Bf3 Kf6 62. Bxd5 Ke5 63. Bf3 Kd6 64. g4 Kc5 65. Kg3 Kxb6 66. Kf4 Kc5 67. Be4 b5 68. Bxg6 b4 69. h5 b3 70. h6 Re8 71. h7 Kd4 72. Bxe8 1-0


[Site "https://www.chess.com"]

[Event "Titled Tuesday Blitz February 21 Late 2023"]
[White "Sielecki, Christof"]
[Black "Christiansen, Johan-Sebastian"]
[WhiteFideId "4620437"]
[BlackFideId "1512668"]
[WhiteElo "2419"]
[BlackElo "2579"]
[Result "0-1"]
[Round "09"]
[TimeControl "180+2"]
[Date "2023.02.21"]
[WhiteClock "0:00:06"]
[BlackClock "0:00:43"]

1. e4 e5 2. Nf3 Nc6 3. Bb5 f5 4. d3 fxe4 5. dxe4 Nf6 6. O-O Bc5 7. Bxc6 bxc6 8. Nxe5 O-O 9. Nc3 d6 10. Na4 Qe8 11. Nd3 Bg4 12. Qe1 Bd4 13. c3 Bb6 14. Nxb6 axb6 15. f3 Be6 16. a3 Bc4 17. Qd1 d5 18. exd5 cxd5 19. Re1 Qb5 20. Nf4 Rae8 21. b4 g5 22. Ne6 Rf7 23. Nxg5 Rfe7 24. Rxe7 Rxe7 25. Bf4 Nh5 26. Bg3 Bd3 27. Qb3 Bc4 28. Qc2 Bd3 29. Qb3 Re2 30. Bf2 Bc2 31. Qb2 Nf4 32. Qc1 Qc4 33. Nh3 Nxh3+ 34. gxh3 Qxc3 35. Qg5+ Bg6 36. Rd1 Qxf3 37. Bd4 Rg2+ 38. Qxg2 Qxd1+ 0-1


[Site "https://www.chess.com"]

[Event "Titled Tuesday Blitz February 21 Late 2023"]
[White "Shapiro, Viktor"]
[Black "Maksimovic, Bojan"]
[WhiteFideId "4175700"]
[BlackFideId "14408120"]
[WhiteElo "2192"]
[BlackElo "2486"]
[Result "0-1"]
[Round "09"]
[TimeControl "180+2"]
[Date "2023.02.21"]
[WhiteClock "0:02:08"]
[BlackClock "0:02:06"]

1. c4 Nf6 2. Nc3 g6 3. g3 Bg7 4. Bg2 O-O 5. Nf3 d6 6. d3 e5 7. Rb1 a5 8. a3 Nc6 9. b4 axb4 10. axb4 Re8 11. O-O h6 12. b5 Nd4 13. e3 Nxf3+ 14. Bxf3 e4 15. Nxe4 Nxe4 16. Bxe4 Rxe4 17. dxe4 Bh3 18. Qe2 Bxf1 19. Kxf1 b6 20. Kg2 Qe8 21. Qd3 Ra2 22. Bd2 Rxd2 23. Qxd2 Qxe4+ 24. f3 Qxb1 25. Qe2 Qb2 0-1


[Site "https://www.chess.com"]

[Event "Titled Tuesday Blitz February 21 Late 2023"]
[White "Hambleton, Aman"]
[Black "Martynov, Pavel"]
[WhiteFideId "2606577"]
[BlackFideId "4101260"]
[WhiteElo "2420"]
[BlackElo "2414"]
[Result "0-1"]
[Round "09"]
[TimeControl "180+2"]
[Date "2023.02.21"]
[WhiteClock "0:00:02"]
[BlackClock "0:01:05"]

1. d4 d5 2. Bf4 e6 3. e3 Bd6 4. Nd2 Nd7 5. Ngf3 Ngf6 6. Bd3 Qe7 7. Ne5 O-O 8. O-O c5 9. c3 cxd4 10. exd4 a6 11. Re1 Bb8 12. Ndf3 h6 13. Qd2 Re8 14. Bxh6 gxh6 15. Qxh6 Qf8 16. Qh4 Qg7 17. Re3 Nf8 18. Ng5 Ng6 19. Bxg6 fxg6 20. Ngf7 Nh5 21. g4 Bxe5 22. Nxe5 Qf6 23. Qh3 Nf4 24. Qg3 g5 25. Rae1 Kg7 26. Rf3 Rf8 27. h4 gxh4 28. Qh2 Qg5 29. Kh1 b5 30. Rfe3 Ra7 31. Nf3 Qh6 32. Re5 Raf7 33. Rg5+ Ng6 34. Ne5 Qxg5 35. f4 Qxf4 36. Nxg6 Qxh2+ 37. Kxh2 Kxg6 0-1


[Site "https://www.chess.com"]

[Event "Titled Tuesday Blitz February 21 Late 2023"]
[White "Guzman, Christopher"]
[Black "Bilych, Olexiy"]
[WhiteFideId "6405096"]
[BlackFideId "14156504"]
[WhiteElo "2271"]
[BlackElo "2441"]
[Result "1-0"]
[Round "09"]
[TimeControl "180+2"]
[Date "2023.02.21"]
[WhiteClock "0:01:29"]
[BlackClock "0:00:03"]

1. e4 c5 2. Nf3 d6 3. d4 cxd4 4. Nxd4 Nf6 5. Nc3 a6 6. h4 e5 7. Nb3 Be6 8. f4 g6 9. h5 Nbd7 10. hxg6 fxg6 11. Be2 Be7 12. Be3 O-O 13. Qd2 b5 14. a3 Qc7 15. O-O-O Rac8 16. Kb1 exf4 17. Bxf4 Ne5 18. Nd4 Bf7 19. Nd5 Nxe4 20. Nxe7+ Qxe7 21. Qe3 d5 22. Rh6 Nc4 23. Bxc4 Rxc4 24. Rdh1 Be8 25. Rxh7 Qxh7 26. Rxh7 Kxh7 27. Qh3+ Kg8 28. Be5 Kf7 29. Qh7# 1-0


[Site "https://www.chess.com"]

[Event "Titled Tuesday Blitz February 21 Late 2023"]
[White "Melian, Juan Sebastian"]
[Black "Javakhadze, Zurab"]
[WhiteFideId "3706575"]
[BlackFideId "13603647"]
[WhiteElo "2293"]
[BlackElo "2459"]
[Result "1-0"]
[Round "09"]
[TimeControl "180+2"]
[Date "2023.02.21"]
[WhiteClock "0:00:09"]
[BlackClock "0:00:05"]

1. d4 Nf6 2. c4 e6 3. Nc3 Bb4 4. Qc2 O-O 5. Nf3 c5 6. dxc5 Nc6 7. e4 Bxc5 8. a3 Ng4 9. Nd1 Qa5+ 10. Bd2 Qb6 11. Bc3 d5 12. h3 d4 13. Bd2 d3 14. Bxd3 Nxf2 15. Nxf2 Bxf2+ 16. Ke2 e5 17. Raf1 Nd4+ 18. Nxd4 Bxd4 19. b4 a5 20. c5 Qg6 21. g4 axb4 22. Bxb4 Bxg4+ 23. hxg4 Qxg4+ 24. Ke1 Qg3+ 25. Kd1 Rad8 26. Be1 Qg4+ 27. Kc1 Bxc5 28. Kb1 Qe6 29. Bc4 Qb6+ 30. Qb3 Qxb3+ 31. Bxb3 g6 32. Bc3 Rd3 33. Kc2 Re3 34. Re1 Rf3 35. Rhf1 Rf4 36. Bxe5 Rxf1 37. Rxf1 h5 38. a4 h4 39. Bf6 1-0


[Site "https://www.chess.com"]